Map: Dusk Towers

Players

Knives

  • Race: Protoss Protoss
  • League: Silver
  • Spawn Location: 7:00

Fropez - Winner!

  • Race: Protoss Protoss
  • League: Silver
  • Spawn Location: 1:00

VOD

Have the link to the VOD?

Description

Time

  • Played on: July 9, 2016, 11:49 a.m.
  • Length: 6:01
Show
View Real Time Build Order
Export as new Build Order

Knives Protoss 

Build Orders: 1 Gate Expand 

Get SALT Encoding   

  12  0:00  Probe (Chrono Boost)  
  13  0:11  Probe (Chrono Boost)  
  14  0:19  Pylon  
  15  0:28  Probe (Chrono Boost)  
  15  0:34  Assimilator  
  15  0:39  Probe (Chrono Boost)  
  16  0:43  Gateway  
  17  0:50  Probe (Chrono Boost)  
  17  1:01  Pylon  
  17  1:05  Probe (Chrono Boost)  
  18  1:16  Probe (Chrono Boost)  
  19  1:28  Probe (Chrono Boost)  
  20  1:36  Nexus  
  20  1:40  Probe (Chrono Boost)  
  21  1:49  Assimilator  
  21  1:54  Cybernetics Core  
  21  1:57  Probe (Chrono Boost)  
  22  2:14  Probe (Chrono Boost)  
  23  2:23  Gateway  
  23  2:24  Probe (Chrono Boost)  
  23  2:25  Gateway  
  24  2:35  Warp Gate (Chrono Boost)  
  24  2:39  Probe (Chrono Boost)  
  25  2:44  Sentry  
  27  2:53  Forge  
  27  2:54  Probe  
  27  2:55  Probe  
  29  3:07  Pylon, Probe  
  29  3:12  Sentry  
  32  3:13  Sentry  
  32  3:16  Probe  
  35  3:20  Probe  
  36  3:27  Probe  
  36  3:28  Assimilator  
  36  3:31  Protoss Ground Weapons Level 1 (Chrono Boost)  
  37  3:34  Probe  
  38  3:44  Probe  
  39  3:57  Nexus  
  39  4:03  Gateway  
  39  4:04  Probe x2  
  41  4:16  Probe x2, Gateway  
  43  4:29  Pylon, Probe  
  43  4:30  Probe  
  45  4:32  Robotics Facility  
  42  4:52  Stalker x3  
  41  5:21  Stalker  
  40  5:23  Sentry x2  
  42  5:34  Probe  
  41  5:40  Probe  
  41  5:41  Probe  
  43  5:46  Probe  
Show
View Real Time Build Order
Export as new Build Order

Fropez Protoss - Winner!

Build Orders: Mass Adepts 

Get SALT Encoding   

  12  0:01  Probe (Chrono Boost)  
  13  0:15  Pylon  
  13  0:20  Probe (Chrono Boost)  
  14  0:30  Probe (Chrono Boost)  
  15  0:35  Gateway  
  15  0:41  Probe (Chrono Boost)  
  16  0:51  Probe (Chrono Boost)  
  16  0:54  Pylon  
  17  1:02  Probe (Chrono Boost), Assimilator  
  18  1:12  Probe (Chrono Boost)  
  18  1:13  Assimilator  
  19  1:24  Cybernetics Core  
  19  1:32  Gateway  
  19  1:35  Probe (Chrono Boost)  
  20  1:45  Probe (Chrono Boost)  
  21  1:57  Probe (Chrono Boost)  
  21  2:00  Warp Gate (Chrono Boost)  
  22  2:07  Probe (Chrono Boost)  
  23  2:15  Gateway  
  23  2:18  Gateway  
  24  2:26  Mothership Core (Chrono Boost)  
  25  2:47  Probe  
  26  3:00  Pylon  
  26  3:07  Adept x2  
  30  3:12  Pylon  
  30  3:18  Adept x2  
  34  3:22  Probe  
  34  3:25  Forge  
  35  3:34  Probe  
  36  3:58  Adept x4  
  44  4:03  Pylon  
  44  4:05  Photon Cannon  
  44  4:09  Protoss Ground Weapons Level 1 (Chrono Boost)  
  44  4:57  Adept x4  
  52  5:04  Pylon  
  52  5:17  Nexus  
  48  5:31  Adept x4  
Tags
 
Composition
Mass Adepts
Matchup
PvP
Replay Pack
All Mines
Spawn Locations
Cross Positions
Add a new tag
Caveats
  • Supply blocks, unpowered buildings, or Contaminate may cause inaccurate times.
  • Supply counts are checked every 10 seconds.